 Dungeon Crawl Stone Soup version 0.13.0-7-g3df9ff1 (webtiles) character file.

699427 HungrySpirit the Executioner (level 27, -15/269 HPs)
             Began as a Minotaur Fighter on Oct 16, 2013.
             Was the Champion of the Shining One.
             Demolished by Cerebov
             ... wielding the +6,+6 Sword of Cerebov {flame}
              (66 damage)
             ... in Pandemonium.
             The game lasted 04:58:08 (94384 turns).

HungrySpirit the Executioner (Minotaur Fighter)    Turns: 94384, Time: 04:58:09

HP -15/269       AC 32     Str 31      XL: 27
MP   9/42        EV  9     Int  1 (5)  God: the Shining One [******]
Gold 7390        SH 54     Dex 11      Spells:  0 memorised, 26 levels left

Res.Fire  : + + .   See Invis. : .   D - +8 dwarf broad axe (holy)
Res.Cold  : + + .   Warding    : .   E - +1 gold dragon armour
Life Prot.: + + +   Conserve   : .   b - +1 large shield {rPois}
Res.Poison: +       Res.Corr.  : .   (helmet unavailable)
Res.Elec. : +       Clarity    : +   (no cloak)
Sust.Abil.: . .     Spirit.Shd : .   r - +0 pair of gloves "Fatzesa" {Dam+2 Stlth+}
Res.Mut.  : +       Stasis     : .   w - +1 pair of boots {Fly}
Res.Rott. : .       Flight     : .   M - amulet of resist mutation
Saprovore : . . .                    J - cursed ring of protection from fire
                                     i - ring "Zeoh" {Contam rElec rF+ rC+ Acc+5}

@: very slightly contaminated, hasted, glowing, fire vulnerable, very quick,
quite resistant to hostile enchantments, extremely unstealthy
A: retaliatory headbutt, horns 3, talons 1, blurry vision 1, clarity, spit
poison 1, EV +2, Dex -2
a: Spit Poison, Divine Shield, Cleansing Flame, Summon Divine Warrior, Renounce
Religion, Evoke Flight
}: 3/15 runes: decaying, silver, gossamer


You were in Pandemonium.
You worshipped the Shining One. the Shining One was exalted by your worship.
You were not hungry.

You visited 13 branches of the dungeon, and saw 68 of its levels.
You visited Pandemonium 1 time, and saw 14 of its levels.
You visited the Abyss 3 times.
You also visited: Labyrinth, Volcano and Wizlab.

You collected 10230 gold pieces.
You spent 2860 gold pieces at shops.

Inventory:

Hand weapons
 D - a +8,+8 dwarven broad axe of holy wrath (weapon)
Armour
 b - a +1 large shield of poison resistance (worn)
 r - the +0 pair of gloves "Fatzesa" (worn) {Dam+2 Stlth+}
   (Okawaru gifted it to you on level 3 of the Vaults)

   It affects your damage-dealing abilities (+2).
   It makes you much more stealthy.
 w - a +1 pair of boots of flying (worn)
 C - the +2 shield of the Guilds {+Fly rC+ Curse}
   (You acquired it in Pandemonium)

   It protects you from cold.
   It lets you fly.
   It may recurse itself.
 E - a +1 gold dragon armour (worn)
Magical devices
 j - a wand of digging (10)
 o - a wand of heal wounds (9)
 z - a wand of heal wounds (4)
 A - a wand of digging (15)
 Q - a wand of disintegration (5)
 S - a wand of teleportation (9)
 W - a wand of hasting (9)
 X - a wand of teleportation (9)
Comestibles
 d - 28 bread rations
 u - a royal jelly
 v - 2 meat rations
Scrolls
 f - a scroll of teleportation
 g - a scroll of blinking
Jewellery
 a - an uncursed ring of regeneration
 c - a cursed ring of poison resistance
 e - an uncursed amulet of conservation
 i - the ring "Zeoh" (left hand) {Contam rElec rF+ rC+ Acc+5}
   (You took it off an ironheart preserver on level 5 of the Vaults)

   [ring of protection from cold]

   It affects your accuracy (+5).
   It protects you from fire.
   It insulates you from electricity.
   It causes magical contamination when unequipped.
 m - a cursed +4 ring of evasion
 n - an uncursed ring of see invisible
 F - an uncursed ring of invisibility
 J - a cursed ring of protection from fire (right hand)
 M - an amulet of resist mutation (around neck)
 N - a cursed ring of protection from cold
Potions
 h - 2 potions of might
 k - 12 potions of curing
 l - 5 potions of heal wounds
 p - 4 potions of speed
 t - 3 potions of agility
 x - a potion of cure mutation
 B - 5 potions of magic
 G - 2 potions of restore abilities
 I - 2 potions of resistance


   Skills:
 - Level 25.1 Fighting
 - Level 25.6 Axes
 - Level 25.6 Armour
 - Level 24.5 Shields
 + Level 24.8 Invocations


You had 26 spell levels left.
You didn't know any spells.

Dungeon Overview and Level Annotations

Branches:
Dungeon (27/27)            Temple (1/1) D:4             Orc (4/4) D:9
    Elf (3/3) Orc:3          Lair (8/8) D:13          Swamp (5/5) Lair:5
 Spider (5/5) Lair:4        Slime (0/6) Lair:8       Vaults (5/5) D:17
  Blade (1/1) Vaults:3      Crypt (5/5) Vaults:2       Tomb (0/3) Crypt:3
    Dis (2/7) Hell            Geh (0/7) Hell            Coc (0/7) Hell
    Tar (0/7) Hell            Zot (1/5) D:27

Altars:
Ashenzari
Cheibriados
Elyvilon
Fedhas
Kikubaaqudgha
Makhleb
Nemelex Xobeh
Okawaru
Sif Muna
Trog
Vehumet
Xom
Yredelemnul
Zin
the Shining One
Beogh
Jiyva

Shops:
D:4 }   D:7 /   D:13 !   D:20 *   D:21 */   D:27 !   Orc:4 [***   Elf:3 %
Vaults:1 ((/([   Vaults:3 [

Portals:
Hell: D:21 D:22 D:23 D:24 D:25 D:26 D:27
Abyss: D:22 D:25
Pandemonium: D:21 D:23 D:24
Trove: D:23 (give +4 fire dragon armour)

Annotations:
D:10 exclusion: oklob plant
D:15 exclusion: oklob plant
Lair:2 exclusion: oklob plant
Spider:2 exclusion: Roxanne, Roxanne
Crypt:5 Mennas
Pan Cerebov


Innate Abilities, Weirdness & Mutations

You reflexively headbutt those who attack you in melee.
You have a pair of large horns on your head.
You have sharp toenails.
You are surrounded by a mild repulsion field (EV +2).
Your vision is a little blurry.
You possess an exceptional clarity of mind.
You are clumsy. (Dex -2)
You can spit poison.


Message History

Unknown command.
Unknown command.
Unknown command.
Unknown command.
Unknown command.
Use which ability? (? or * to list)
The golden flame engulfs you! You resist.
* * * LOW HITPOINT WARNING * * *
The golden flame engulfs Cerebov.
Cerebov writhes in agony!
Cerebov is severely wounded.
The golden flame engulfs the fire vortex.
The fire vortex writhes in agony!
The fire vortex is severely damaged.
The golden flame engulfs the fire vortex.
The fire vortex writhes in agony!
The fire vortex is almost destroyed.
You feel somewhat more hungry.
You are engulfed in roaring flames.
You resist.
Your scroll of identify catches fire!
Cerebov hits you with a great serpentine sword {flame}!
You die...

#....#########*.., ,≈≈≈≈ ,,,,,,
#..############.#..,≈≈≈≈,,,,,,,
#..###≈≈#..........≈≈≈≈,,,,,,,,
#.##....#.#.#.#.v.≈≈≈≈,,,,,,***
###)......'.........≈≈≈≈,, ,*,*,*
.)..).....'........≈≈≈≈≈,,, *,,*,
.##.).....'....§.v..≈≈≈≈,, ,*,*,*
.##.##....#.#.#§#§§.≈≈≈≈.,,,,,***
.##).###≈≈#...v§@§§2.≈≈≈≈,,,, ,,,
.....############&#...≈≈≈≈,,,,,,,
.##)...##### ****§..,.≈≈≈≈ , ,,,,
..............,**.#...,≈≈≈≈,,,,,,
.#.........!...**.#.....≈≈≈,,,,,,
.#.....≈≈≈.....#*.#*..., ,,,,,, ,
.#....≈≈≈≈≈....#*..**.,,,,,, ,,,,
.#....≈≈#≈≈....#*#., **,* ,,,,*,*
##...)≈≈≈≈≈..#***+*,,,,,,,, ,,,,,


You could see Cerebov, a balrug and 3 fire vortices.

Vanquished Creatures
  The ghost of Czerbonog the Invulnerable, a legendary GrFi of the Shining One (Pan)
  5 ancient liches
  Saint Roka (Vaults:1)
  Boris (D:26)
  the Lernaean hydra (Swamp:5)
  Norris (Vaults:3)
  Mara (Swamp:4)
  3 golden dragons
  Geryon (Hell)
  2 curse toes
  Jory (D:26)
  An illusory Mara (Swamp:4)
  Frederick (D:24)
  The ghost of Leibowitz the Acrobat, a mighty MfBe of Okawaru (Vaults:2)
  10 pandemonium lords (Pan)
  5 Brimstone Fiends (Pan)
  2 bone dragons
  9 Hell Sentinels (Pan)
  8 tentacled monstrosities
  5 titans
  7 Ice Fiends
  A deep elf master archer (Elf:3)
  5 Shadow Fiends (Pan)
  2 deep elf blademasters (Elf:3)
  3 storm dragons
  A storm dragon (shapeshifter) (Vaults:4)
  3 liches
  Agnes (Swamp:4)
  5 sphinxes
  An ancient champion (Crypt:4)
  11 Executioners (Pan)
  Kirke (Vaults:3)
  6 shadow dragons
  2 draconian monks (Zot:1)
  11 tengu reavers
  5 revenants
  4 ghouls
  9 fire giants
  15 frost giants
  10 deep elf sorcerers
  Donald (Vaults:1)
  A tentacled starspawn (Abyss:1)
  3 ghost moths
  4 emperor scorpions (Spider:5)
  A draconian zealot (D:27)
  Aizul (Swamp:2)
  Louise (Spider:2)
  2 draconian scorchers (Zot:1)
  18 vault wardens
  5 curse skulls
  8 cacodemons
  12 balrugs (Pan)
  The ghost of HungrySpirit the Severer, a powerful MiFi of Okawaru (Lair:8)
  2 draconian shifters
  A draconian annihilator (Zot:1)
  11 reapers
  4 ice statues
  61 stone giants
  6 deep elf demonologists
  8 eidola
  4 grey draconians (Zot:1)
  A draconian caller (Zot:1)
  3 vampire knights
  14 blizzard demons
  4 lorocyprocas (Pan)
  6 green draconians
  2 pale draconians
  6 green deaths (Pan)
  5 yellow draconians
  2 purple draconians (Zot:1)
  9 deep elf annihilators
  6 mottled draconians
  4 white draconians
  An unborn (Crypt:2)
  A red draconian (D:27)
  A minotaur (Lab)
  8 deep elf death magi
  A mummy priest (Hell)
  14 ettins
  6 dragons
  35 vault guards
  5 great orbs of eyes
  12 jiangshi
  9 deep elf high priests
  A quicksilver dragon zombie (Crypt:4)
  16 ironheart preservers
  4 death cobs
  6 ravenous feature mimics
  Harold (Lair:4)
  2 ice dragons (Zot:1)
  17 ogre magi
  26 hydras
  A hydra (shapeshifter) (D:26)
  10 dancing weapons
  49 yaktaur captains
  14 deep troll shamans
  A spectral frost giant (Crypt:4)
  A spectral fire giant (Crypt:4)
  4 deep troll earth magi
  7 vampire magi
  2 spectral stone giants (Crypt:1)
  12 death yaks
  A deep dwarf death knight (Crypt:5)
  2 rakshasas
  2 spectral dire elephants (Crypt:4)
  A naga warrior (Abyss:1)
  5 alligators
  4 wretched stars (Abyss:1)
  2 spectral elves
  4 thrashing horrors (Abyss:1)
  25 centaur warriors
  7 orc high priests
  A storm dragon zombie (Crypt:4)
  9 iron golems
  Nergalle (Lair:2)
  11 very ugly things
  16 hell knights
  11 iron trolls
  15 shadow demons
  Erolcha (D:13)
  30 deep elf knights
  A fire crab (Vaults:2)
  6 shadow wraiths
  20 soul eaters
  13 unseen horrors
  A death drake (Zot:1)
  2 spectral anacondas
  19 flayed ghosts
  23 skeletal warriors
  18 hill giants
  41 large abominations
  3 storm dragon skeletons
  29 sun demons
  A giant orange brain (Vaults:4)
  14 ice devils
  3 wizards
  An unseen horror (shapeshifter) (D:17)
  27 deep trolls
  2 giant amoebae (D:21)
  A deep troll (shapeshifter) (Vaults:5)
  33 orc knights
  9 swamp dragons
  A sphinx zombie (D:17)
  4 flaming corpses
  9 necromancers
  A spectral hydra (Crypt:3)
  A hill giant (shapeshifter) (D:22)
  4 harpies (Vaults:2)
  A giant amoeba (shapeshifter) (D:26)
  A harpy (shapeshifter) (D:15)
  2 hellions (Pan)
  Joseph (D:9)
  2 frost giant zombies
  A wolf spider zombie (D:18)
  A wolf spider (shapeshifter) (D:26)
  4 iron dragon zombies
  20 phantasmal warriors
  18 ironbrand convokers
  17 deep elf conjurers
  13 cyclopes
  2 deathcaps (Zot:1)
  42 wolf spiders
  A shadow dragon skeleton (Crypt:3)
  A spectral giant amoeba (Crypt:3)
  6 orc sorcerers
  33 sixfirhies
  10 red wasps
  4 moths of wrath
  7 stone giant zombies
  5 griffons
  An elephant (shapeshifter) (D:23)
  7 hell beasts
  A spiny worm (shapeshifter) (Vaults:4)
  16 elephants
  3 black mambas
  A spectral elephant slug (Crypt:5)
  Maurice (Orc:1)
  9 spiny worms
  7 fire giant skeletons
  5 frost giant skeletons
  43 orange demons
  13 stone giant skeletons
  11 vault sentinels
  5 deep elf summoners
  A black mamba (shapeshifter) (D:13)
  21 spiny frogs
  An eye of devastation (Pan)
  Psyche (Orc:3)
  A satyr skeleton (Crypt:1)
  9 demonic crawlers
  A queen ant (Lair:7)
  2 efreet (Pan)
  A polymoth zombie (Crypt:2)
  A dire elephant skeleton (Crypt:5)
  2 feature mimics
  An iron troll zombie (Vaults:1)
  19 iron devils
  93 smoke demons
  8 tormentors
  A white draconian zombie (Crypt:2)
  90 yaktaurs
  3 ancient zymes (Abyss:1)
  48 hellwings
  An alligator snapping turtle skeleton (Crypt:3)
  3 wandering mushrooms (Zot:1)
  3 redback zombies
  2 yaktaurs (shapeshifter)
  3 fire drakes
  8 deep elf priests
  8 guardian mummies
  A komodo dragon (shapeshifter) (Vaults:1)
  A queen bee (shapeshifter) (D:25)
  52 red devils
  22 orb spiders
  3 silent spectres
  A hydra zombie (Hell)
  6 spectral humans
  A grey draconian skeleton (Crypt:1)
  An iron troll skeleton (Crypt:2)
  A death yak skeleton (Crypt:4)
  2 harpy skeletons
  2 spectral guardian serpents (Crypt:4)
  A spectral harpy (Crypt:3)
  A death drake zombie (Crypt:3)
  2 fire vortices (Pan)
  27 jumping spiders
  Prince Ribbit (D:5)
  4 giant leeches
  11 komodo dragons
  22 blue devils
  2 jumping spiders (shapeshifter)
  17 bog bodies
  3 ravens
  A dragon zombie (Crypt:3)
  3 griffon zombies
  8 trolls
  A hydra skeleton (D:14)
  56 slime creatures
  A red wasp zombie (Vaults:1)
  10 boulder beetles
  2 ravens (shapeshifter)
  23 two-headed ogres
  A tarantella zombie (Crypt:2)
  A fire giant simulacrum (Crypt:2)
  16 blink frogs
  2 ettin zombies
  A grizzly bear (shapeshifter) (Vaults:4)
  7 basilisks
  A baby alligator (shapeshifter) (Vaults:2)
  48 ynoxinuls
  A trapdoor spider (shapeshifter) (D:23)
  26 wraiths
  A frost giant simulacrum (Crypt:1)
  76 redbacks
  25 flying skulls
  22 tarantellas
  8 vampires
  A brown ooze (shapeshifter) (Vaults:3)
  3 griffon skeletons
  3 hill giant zombies
  A wyvern (D:10)
  A stone giant simulacrum (Crypt:2)
  A dire elephant simulacrum (Crypt:4)
  16 trapdoor spiders
  25 deep elf magi
  34 shadows
  A hog (shapeshifter) (Vaults:3)
  98 ugly things
  4 ettin skeletons
  A tarantella (shapeshifter) (D:27)
  A water elemental (D:22)
  2 golden eyes
  An elephant slug (Lair:6)
  A yak (shapeshifter) (Vaults:5)
  2 sharks (Hell)
  A spectral giant firefly (Crypt:4)
  2 spectral yaktaurs (Crypt:3)
  11 hippogriffs
  3 spiny worm zombies
  A metal gargoyle (Hell)
  48 neqoxecs
  A hippogriff (shapeshifter) (Vaults:5)
  9 chaos spawn
  A golden eye (shapeshifter) (D:17)
  An iron troll simulacrum (Vaults:1)
  9 hungry ghosts
  Grum (Orc:3)
  41 deep elf fighters
  29 vampire mosquitoes
  A wolf (shapeshifter) (Vaults:3)
  A clay golem (Vaults:2)
  6 mottled dragons
  38 yaks
  4 hogs (Vaults:3)
  A raven zombie (Crypt:3)
  17 swamp drakes
  6 necrophages
  9 soldier ants
  2 deep troll zombies
  A human zombie (Hell)
  18 wolves
  8 manticores
  9 rock worms
  36 swamp worms
  3 phantoms (D:9)
  5 porcupines
  A deep dwarf (shapeshifter) (Vaults:4)
  A deep troll skeleton (D:23)
  6 nagas (Abyss:1)
  6 sky beasts
  3 yellow wasps (Spider:5)
  A giant amoeba simulacrum (D:16)
  3 hell hounds
  A swamp dragon (shapeshifter) (Crypt:1)
  6 small abominations
  80 orc warriors
  9 ice beasts
  21 giant goldfish
  14 freezing wraiths
  58 ogres
  11 crocodiles
  A lava worm (Hell)
  2 tengu (D:14)
  A wind drake simulacrum (Crypt:4)
  13 centaurs
  2 fire crab zombies
  19 wargs
  A boring beetle (shapeshifter) (D:26)
  A chimera zombie (Crypt:4)
  Duvessa (D:5)
  11 rotting devils
  5 giant slugs
  A komodo dragon zombie (Hell)
  A merfolk skeleton (Crypt:1)
  2 brain worms
  A spectral boulder beetle (Crypt:5)
  9 big kobolds
  6 yaktaur zombies
  12 giant frogs
  A mermaid zombie (Crypt:1)
  12 water moccasins
  5 yaktaur skeletons
  41 insubstantial wisps
  2 komodo dragon skeletons (Crypt:3)
  2 manticore zombies
  7 agate snails
  A giant slug zombie (D:18)
  12 killer bees
  A manticore skeleton (D:9)
  2 cyclops skeletons
  A rock worm zombie (Crypt:1)
  6 eyes of draining
  12 jellyfish
  2 troll zombies (D:9)
  A fire bat (Abyss:1)
  38 wights
  A wolf zombie (Crypt:2)
  A pulsating lump (shapeshifter) (D:26)
  A yak skeleton (D:14)
  18 crimson imps
  A yaktaur simulacrum (D:18)
  Dowan (D:5)
  A wolf skeleton (Crypt:1)
  42 orc priests
  12 quasits
  8 starcursed masses (Abyss:1)
  11 electric eels
  10 elf zombies (Elf:2)
  4 goliath beetles
  A water moccasin zombie (D:8)
  19 hounds
  5 jellies
  10 big fish
  19 spiders
  14 iron imps
  34 orc wizards
  A warg zombie (D:24)
  11 iguanas
  8 scorpions
  A boulder beetle simulacrum (Crypt:4)
  33 worker ants
  2 spectral orcs (Lair:2)
  A mottled dragon zombie (D:12)
  5 sheep (D:13)
  4 ogre zombies (D:9)
  Jessica (D:3)
  A brain worm zombie (Abyss:1)
  A spectral hound (Crypt:5)
  2 necrophage skeletons (Crypt:2)
  7 boggarts (D:18)
  2 mottled dragon skeletons
  Terence (D:3)
  21 mummies
  2 naga zombies
  A spectral sheep (Crypt:5)
  5 orange rat zombies (Hell)
  A steam dragon zombie (Crypt:2)
  A worker ant zombie (Crypt:1)
  10 gnolls
  8 orange rat skeletons (Hell)
  29 adders
  9 giant centipedes
  28 green rats
  8 shadow imps (Pan)
  A worm zombie (D:7)
  An inept feature mimic (Orc:2)
  10 lemures
  A swamp drake skeleton (Crypt:3)
  2 giant mites
  2 orange rat simulacra (Hell)
  15 white imps
  A worm (shapeshifter) (Vaults:5)
  2 goliath beetle zombies
  8 worms
  178 ufetubi
  An adder skeleton (D:6)
  An adder zombie (Crypt:2)
  8 giant eyeballs
  2 oozes
  241 orcs
  22 bats
  5 giant cockroaches
  17 goblins
  11 hobgoblins
  29 jackals
  32 kobolds
  16 quokkas
  2 ball pythons
  A bat (shapeshifter) (Vaults:4)
  10 giant geckos
  8 giant newts
  A goblin skeleton (D:9)
  4 goblin zombies (D:9)
  A green rat skeleton (Crypt:2)
  2 hobgoblin skeletons (D:9)
  4 hobgoblin zombies (D:9)
  4 orc skeletons
  6 orc zombies
  14 rats
  4 bushes (D:17)
  2 crawling corpses (Elf:3)
  3 fungi
  7 plants
  2 starspawn tentacles (Abyss:1)
4327 creatures vanquished.

Vanquished Creatures (others)
  An eldritch tentacle (Pan)
  A daeva (Pan)
  A tengu reaver (Vaults:5)
  A draconian scorcher (D:27)
  An angel (Pan)
  A cyclops (Pan)
  A smoke demon (Abyss:1)
  A hellwing (Abyss:1)
  A blue devil (Pan)
  A trapdoor spider (Spider:5)
  3 ugly things (D:20)
  2 deep elf magi
  A shark (Hell)
  2 ynoxinuls (Pan)
  A deep elf fighter (Vaults:5)
  A swamp drake (Swamp:5)
  A freezing wraith (Crypt:5)
  A swamp worm (Swamp:3)
  An ogre (Vaults:1)
  24 lost souls
  An electric eel (Swamp:5)
  An orc wizard (D:13)
  3 ufetubi (Pan)
  A giant spore (D:6)
  A lurking horror (Abyss:1)
  152 eldritch tentacle segments (Pan)
  4 fungi
  2 plants
  A starspawn tentacle (Abyss:1)
  10 starspawn tentacle segments (Abyss:1)
223 creatures vanquished.

Grand Total: 4550 creatures vanquished

Notes
Turn   | Place    | Note
--------------------------------------------------------------
     0 | D:1      | HungrySpirit, the Minotaur Fighter, began the quest for the Orb.
     0 | D:1      | Reached XP level 1. HP: 19/19 MP: 0/0
   144 | D:1      | Reached XP level 2. HP: 26/26 MP: 0/0
   773 | D:2      | Reached skill level 4 in Axes
  1111 | D:2      | Reached XP level 3. HP: 31/33 MP: 1/1
  1667 | D:2      | Reached skill level 5 in Axes
  1740 | D:3      | Noticed Terence
  1757 | D:3      | Killed Terence
  1757 | D:3      | Reached XP level 4. HP: 36/39 MP: 1/1
  1809 | D:3      | Noticed Jessica
  1824 | D:3      | Killed Jessica
  1977 | D:3      | Reached skill level 6 in Axes
  2321 | D:3      | Reached XP level 5. HP: 36/46 MP: 1/1
  2512 | D:4      | Noticed an ogre
  2591 | D:4      | Killed an ogre
  2591 | D:4      | Reached skill level 7 in Axes
  2591 | D:4      | Reached XP level 6. HP: 31/52 MP: 2/2
  2634 | D:4      | Reached skill level 8 in Axes
  3003 | D:4      | Found Imeast's Gadget Shoppe.
  3057 | D:4      | Found a staircase to the Ecumenical Temple.
  3072 | Temple   | Entered the Ecumenical Temple
  3108 | Temple   | Became a worshipper of Warmaster Okawaru
  3267 | D:4      | Reached skill level 9 in Axes
  3899 | D:5      | Entered Level 5 of the Dungeon
  3919 | D:5      | Reached XP level 7. HP: 59/59 MP: 2/2
  4008 | D:5      | Found a burning altar of Makhleb.
  4132 | D:5      | Acquired Okawaru's first power
  4176 | D:5      | Reached skill level 10 in Axes
  4425 | D:5      | Paralysed by a giant eyeball for 2 turns
  4670 | D:5      | Found a shattered altar of Ashenzari.
  4673 | D:5      | Noticed Duvessa
  4674 | D:5      | Noticed Dowan
  4678 | D:5      | Killed Duvessa
  4684 | D:5      | Killed Dowan
  4684 | D:5      | Reached XP level 8. HP: 66/66 MP: 0/2
  4747 | D:5      | Noticed Prince Ribbit
  4787 | D:5      | Killed Prince Ribbit
  4787 | D:5      | Reached skill level 11 in Axes
  4787 | D:5      | Reached skill level 5 in Shields
  5623 | D:6      | Reached skill level 12 in Axes
  6088 | D:6      | Found a white marble altar of Elyvilon.
  6238 | D:7      | Reached XP level 9. HP: 44/72 MP: 3/3
  6514 | D:7      | Paralysed by a giant eyeball for 4 turns
  6652 | D:7      | Reached skill level 13 in Axes
  6766 | D:7      | Found a deep blue altar of Sif Muna.
  6789 | D:7      | Noticed a hill giant
  6800 | D:7      | Killed a hill giant
  7138 | D:7      | Paralysed by a giant eyeball for 4 turns
  7245 | D:7      | Found Mijoom's Magical Wand Shoppe.
  7683 | D:8      | Reached skill level 14 in Axes
  7814 | D:8      | Found an ancient bone altar of Kikubaaqudgha.
  8117 | D:8      | Reached XP level 10. HP: 76/79 MP: 3/3
  8729 | D:9      | Noticed Joseph
  8745 | D:9      | Killed Joseph
  8754 | D:9      | Reached skill level 5 in Fighting
  8772 | D:9      | Found a staircase to the Orcish Mines.
  8788 | D:9      | Reached skill level 15 in Axes
  8919 | D:9      | Acquired Okawaru's second power
  9360 | D:9      | Found a bloodstained altar of Trog.
  9426 | D:10     | Entered Level 10 of the Dungeon
  9470 | D:10     | Found a glowing golden altar of the Shining One.
  9470 | D:10     | Noticed an oklob plant
  9961 | D:10     | Received a gift from Okawaru
  9990 | D:10     | Reached skill level 16 in Axes
 10711 | D:10     | Reached XP level 11. HP: 65/91 MP: 3/3
 10718 | D:10     | Reached skill level 5 in Armour
 10834 | D:11     | Reached skill level 1 in Invocations
 10901 | D:10     | Gained mutation: You have a pair of large horns on your head. [potion of beneficial mutation]
 11010 | D:11     | Identified Nixaaz's Almanac of Shifting Aid
 11276 | D:12     | Found a labyrinth entrance.
 11284 | Lab      | Entered a labyrinth
 11432 | Lab      | Noticed a minotaur
 11449 | Lab      | Killed a minotaur
 11458 | Lab      | Identified the Reference Book on Ghastly Protection
 11653 | D:12     | Found a blossoming altar of Fedhas.
 12336 | D:12     | Paralysed by a giant eyeball for 3 turns
 12388 | D:12     | Reached skill level 10 in Fighting
 12447 | D:12     | Received a gift from Okawaru
 12498 | D:12     | Noticed a hill giant
 12523 | D:12     | Killed a hill giant
 12621 | D:13     | Noticed Erolcha
 12626 | D:13     | Noticed a centaur warrior
 12723 | D:13     | Found Fifit's Distillery.
 12744 | D:13     | Bought a potion of heal wounds for 39 gold pieces
 12744 | D:13     | Bought a potion of heal wounds for 39 gold pieces
 12806 | D:13     | Found a staircase to the Lair.
 12814 | Lair:1   | Entered Level 1 of the Lair of Beasts
 13027 | Lair:1   | Reached XP level 12. HP: 99/104 MP: 12/12
 13173 | Lair:1   | Found a glowing golden altar of the Shining One.
 13610 | Lair:2   | Paralysed by you for 6 turns
 13775 | Lair:2   | Noticed Nergalle
 13789 | Lair:2   | Killed Nergalle
 14403 | Lair:3   | Reached skill level 10 in Armour
 14877 | Lair:4   | Found a hole to the Spider Nest.
 14890 | Lair:4   | Reached skill level 5 in Invocations
 14922 | Lair:4   | Found a dark tunnel.
 14934 | Volcano  | Entered a volcano
 15282 | Lair:4   | Noticed a five-headed hydra
 15337 | Lair:4   | Killed a nine-headed hydra
 15447 | Lair:4   | Got a slimy cloak
 15450 | Lair:4   | Identified the cursed -4 cloak "Fear" {rElec} (You found it on level 4 of the Lair of Beasts)
 15671 | Lair:4   | Noticed Harold
 15682 | Lair:4   | Killed Harold
 15682 | Lair:4   | Received a gift from Okawaru
 15917 | Lair:4   | Noticed a five-headed hydra
 16556 | Lair:5   | Reached XP level 13. HP: 87/114 MP: 15/17
 16647 | Lair:5   | Found a staircase to the Swamp.
 17085 | Lair:5   | Received a gift from Okawaru
 17996 | Lair:7   | Found a bloodstained altar of Trog.
 18863 | Lair:8   | Entered Level 8 of the Lair of Beasts
 19205 | Lair:8   | Found a staircase to the Slime Pits.
 19206 | Lair:8   | Found a viscous altar of Jiyva.
 19363 | Lair:8   | Noticed HungrySpirit's ghost (powerful MiFi)
 19391 | Lair:8   | Killed HungrySpirit's ghost
 19471 | Lair:8   | Received a gift from Okawaru
 19526 | Lair:8   | Reached skill level 15 in Fighting
 19957 | Lair:8   | Reached XP level 14. HP: 115/127 MP: 20/20
 20756 | Orc:1    | Entered Level 1 of the Orcish Mines
 20795 | Orc:1    | Noticed Maurice
 20863 | Orc:1    | Killed Maurice
 21676 | Orc:4    | Entered Level 4 of the Orcish Mines
 21676 | Orc:4    | Found a staircase to the Elven Halls.
 22130 | Orc:3    | Noticed Grum
 22184 | Orc:3    | Killed Grum
 22280 | Orc:3    | Noticed Psyche
 22290 | Orc:3    | Killed Psyche
 22293 | Orc:3    | Found a staircase to the Elven Halls.
 22828 | Orc:4    | the staircase to the Elven Halls was a mimic.
 23345 | Orc:4    | Found a roughly hewn altar of Beogh.
 23410 | Orc:4    | Received a gift from Okawaru
 23625 | Orc:4    | Reached skill level 10 in Shields
 23845 | Orc:4    | Reached skill level 17 in Axes
 24845 | Orc:4    | Found Afuadaf's General Store.
 24845 | Orc:4    | Found Shyrryum's Armour Shop.
 24845 | Orc:4    | Found Sexzok's Assorted Antiques.
 24846 | Orc:4    | Found Ska Meka's General Store.
 24854 | Orc:4    | Bought a potion of curing for 34 gold pieces
 24858 | Orc:4    | Bought a potion of curing for 24 gold pieces
 24864 | Orc:4    | Bought a potion of heal wounds for 105 gold pieces
 25082 | D:13     | Noticed a hill giant
 25095 | D:13     | Killed a hill giant
 25140 | D:13     | Received a gift from Okawaru
 25206 | D:13     | Killed Erolcha
 25350 | Spider:1 | Entered Level 1 of the Spider Nest
 25921 | Spider:1 | Reached skill level 18 in Axes
 26632 | Spider:2 | Noticed Roxanne
 26825 | Spider:2 | Received a gift from Okawaru
 26831 | Spider:2 | Noticed Louise
 26835 | Spider:2 | Cast into the Abyss (Louise)
 26877 | Spider:2 | Escaped the Abyss
 26899 | Spider:2 | Killed Louise
 26899 | Spider:2 | Reached XP level 15. HP: 95/135 MP: 15/22
 27677 | Spider:3 | Reached skill level 19 in Axes
 28555 | Spider:4 | Received a gift from Okawaru
 29790 | Spider:4 | Reached skill level 20 in Axes
 29886 | Spider:5 | Entered Level 5 of the Spider Nest
 31187 | Spider:5 | Received a gift from Okawaru
 31411 | Spider:5 | Reached XP level 16. HP: 123/145 MP: 22/22
 31683 | Spider:5 | Reached skill level 15 in Armour
 31725 | Spider:5 | Received a gift from Okawaru
 31768 | Spider:5 | Got a gossamer rune of Zot
 32224 | Lair:4   | Killed a nine-headed hydra
 32261 | Swamp:1  | Entered Level 1 of the Swamp
 32487 | Swamp:1  | Identified 2 scrolls of acquirement
 32490 | Swamp:1  | Got a bloodstained plate armour
 32512 | Swamp:1  | Identified the +8 plate armour "Kluuttog" {+Blink rN+} (You acquired it on level 1 of the Swamp)
 32515 | Swamp:1  | Got a bronze plate armour
 32537 | Swamp:1  | Identified the -4 plate armour of Efural {Str+3} (You acquired it on level 1 of the Swamp)
 32659 | Swamp:1  | Reached XP level 17. HP: 155/155 MP: 23/23
 33508 | Swamp:2  | Noticed Aizul
 33519 | Swamp:2  | Killed Aizul
 34337 | Swamp:4  | Noticed Mara
 34411 | Swamp:4  | Noticed Mara
 34413 | Swamp:5  | Entered Level 5 of the Swamp
 34611 | Swamp:4  | Noticed Mara
 34611 | Swamp:4  | Noticed Mara
 34618 | Swamp:4  | Killed Mara
 34621 | Swamp:4  | Killed Mara
 34769 | Swamp:4  | Received a gift from Okawaru
 34892 | Swamp:4  | Noticed Agnes
 34906 | Swamp:4  | Killed Agnes
 35633 | Swamp:5  | Reached XP level 18. HP: 87/168 MP: 18/24
 35644 | Swamp:5  | Reached skill level 15 in Shields
 36104 | Swamp:5  | Noticed the 27-headed Lernaean hydra
 36111 | Swamp:5  | Killed the 21-headed Lernaean hydra
 36126 | Swamp:5  | Got a decaying rune of Zot
 36168 | Swamp:5  | Received a gift from Okawaru
 36660 | D:13     | Killed an unseen horror
 36782 | D:14     | Entered Level 14 of the Dungeon
 37381 | D:15     | Entered Level 15 of the Dungeon
 38041 | D:15     | Found a snail-covered altar of Cheibriados.
 38547 | D:16     | Killed a centaur warrior
 39501 | D:17     | Found a staircase to the Vaults.
 40185 | D:17     | Reached skill level 21 in Axes
 40249 | Vaults:1 | Entered Level 1 of the Vaults
 40279 | Vaults:1 | Received a gift from Okawaru
 40640 | Vaults:1 | Reached XP level 19. HP: 179/181 MP: 25/25
 40684 | Vaults:1 | Received a gift from Okawaru
 40986 | Vaults:1 | Found Xappi's Magical Wand Shop.
 40990 | Vaults:1 | Bought a wand of hasting (7) for 1254 gold pieces
 40990 | Vaults:1 | Bought a wand of teleportation (3) for 399 gold pieces
 40994 | Vaults:1 | Found Wopuwk's Antique Armour Shop.
 41021 | Vaults:1 | Found Niheib's Weapon Shoppe.
 41021 | Vaults:1 | Found Juigom's Weapon Shoppe.
 41372 | Vaults:1 | Noticed Donald
 41416 | Vaults:1 | Killed Donald
 41623 | Vaults:1 | Noticed Saint Roka
 41650 | Vaults:1 | Killed Saint Roka
 41972 | Vaults:1 | Reached skill level 22 in Axes
 42011 | Vaults:1 | Found Saaschir's Weapon Emporium.
 42525 | Vaults:2 | Noticed Leibowitz's ghost (mighty MfBe)
 42564 | Vaults:2 | Killed Leibowitz's ghost
 42566 | Vaults:2 | Received a gift from Okawaru
 42899 | Vaults:2 | Found a staircase to the Crypt.
 44853 | Vaults:3 | Reached XP level 20. HP: 170/195 MP: 25/25
 45088 | D:18     | Paralysed by a great orb of eyes for 2 turns
 45095 | D:18     | Received a gift from Okawaru
 45095 | D:18     | Reached skill level 23 in Axes
 46762 | D:20     | Entered Level 20 of the Dungeon
 47118 | D:20     | Found Mnosm's General Store.
 47121 | D:20     | Bought a meat ration for 44 gold pieces
 47786 | D:21     | Found Trym's Magical Wand Boutique.
 47978 | D:21     | Found Samonados' Assorted Antiques.
 47991 | D:21     | Received a gift from Okawaru
 48015 | D:21     | Found a gateway to Hell.
 48018 | D:21     | Bought an ancient jade ring for 500 gold pieces
 48018 | D:21     | Bought a scroll of identify for 40 gold pieces
 48019 | D:21     | Identified the ring of Beogh's Displeasure {+Inv Dex+3 Int+2} (You bought it in a shop on level 21 of the Dungeon)
 48039 | D:21     | Found a one-way gate leading to the halls of Pandemonium.
 48713 | D:22     | Found a one-way gate to the infinite horrors of the Abyss.
 49102 | D:23     | Found a portal to a secret trove of treasure.
 49478 | D:23     | Reached skill level 24 in Axes
 50843 | D:23     | Reached XP level 21. HP: 198/209 MP: 26/26
 51070 | D:24     | Noticed Frederick
 51077 | D:24     | Killed Frederick
 51213 | D:24     | Received a gift from Okawaru
 51820 | D:24     | Gained mutation: You possess an exceptional clarity of mind. [potion of beneficial mutation]
 52187 | D:25     | Entered Level 25 of the Dungeon
 52810 | D:25     | Reached skill level 25 in Axes
 54253 | D:26     | Received a gift from Okawaru
 55523 | D:26     | Noticed Jory
 55544 | D:26     | Killed Jory
 55650 | D:26     | Received a gift from Okawaru
 56428 | D:26     | Noticed Boris
 56444 | D:26     | Killed Boris
 56463 | D:26     | Reached XP level 22. HP: 140/222 MP: 24/27
 57657 | Vaults:3 | Noticed Norris
 57674 | Vaults:3 | Killed Norris
 57695 | Vaults:3 | Noticed Kirke
 57702 | Vaults:3 | Killed Kirke
 57804 | Vaults:3 | Cast into the Abyss (wizard)
 57849 | Abyss:1  | Found a corrupted altar of Lugonu.
 58110 | Abyss:1  | Lost intelligence.
 58315 | Abyss:1  | Lost intelligence.
 58357 | Abyss:1  | Paralysed by accursed screaming for 1 turns
 58374 | Abyss:1  | Found a corrupted altar of Lugonu.
 58621 | Vaults:3 | Escaped the Abyss
 58819 | Vaults:3 | Found a staircase to the Hall of Blades.
 58828 | Blade    | Entered the Hall of Blades
 59359 | Vaults:3 | Received a gift from Okawaru
 59741 | Vaults:3 | Got a pair of polished gloves {god gift}
 59745 | Vaults:3 | Identified the +0 pair of gloves "Fatzesa" {Dam+2 Stlth+} (Okawaru gifted it to you on level 3 of the Vaults)
 59821 | Vaults:3 | Found Sajuy's Antique Armour Emporium.
 60612 | Vaults:4 | Paralysed by a sphinx for 3 turns
 61676 | Vaults:4 | Reached XP level 23. HP: 206/230 MP: 27/27
 62479 | Vaults:5 | Entered Level 5 of the Vaults
 62863 | Vaults:4 | Received a gift from Okawaru
 66613 | Vaults:5 | Got an ancient platinum ring
 66714 | Vaults:5 | Identified the ring "Zeoh" {Contam rElec rF+ rC+ Acc+5} (You took it off an ironheart preserver on level 5 of the Vaults)
 66748 | Vaults:5 | Got a silver rune of Zot
 66760 | Vaults:5 | Gained mutation: You are clumsy. (Dex -2) [potion of mutation]
 66760 | Vaults:5 | Gained mutation: You have sharp toenails. [potion of mutation]
 66760 | Vaults:5 | Gained mutation: You are surrounded by a mild repulsion field (EV +2). [potion of mutation]
 67510 | Vaults:5 | Received a gift from Okawaru
 67524 | Vaults:5 | Reached XP level 24. HP: 131/241 MP: 28/28
 67539 | Vaults:5 | Got a twisted broad axe {god gift}
 67540 | Vaults:5 | Identified the broad axe "Ryuwn" {god gift, drain, MR+} (Okawaru gifted it to you on level 5 of the Vaults)
 68601 | D:27     | Entered Level 27 of the Dungeon
 69395 | D:27     | Received a gift from Okawaru
 70353 | D:27     | Found Vehirauf's Distillery.
 70378 | D:27     | Bought a potion of curing for 34 gold pieces
 70378 | D:27     | Bought a potion of heal wounds for 51 gold pieces
 70378 | D:27     | Bought 2 potions of curing for 68 gold pieces
 70378 | D:27     | Bought a potion of curing for 34 gold pieces
 70453 | Zot:1    | Entered Level 1 of the Realm of Zot
 70538 | Zot:1    | HP: 12/241 [purple draconian/bolt of dispelling energy (24)]
 71239 | Zot:1    | Received a gift from Okawaru
 71552 | Zot:1    | Got a crude tin ring
 71553 | Zot:1    | Identified the ring of Phomiun {+Fly Int+2} (You acquired it on level 1 of the Realm of Zot)
 72696 | Elf:1    | Entered Level 1 of the Elven Halls
 73486 | Elf:2    | Reached XP level 25. HP: 218/249 MP: 28/28
 74540 | Lair:1   | Fell from the grace of Okawaru
 74540 | Lair:1   | Became a worshipper of the Shining One
 74909 | Vaults:3 | Bought a shiny large shield for 195 gold pieces
 74990 | Crypt:1  | Entered Level 1 of the Crypt
 75158 | Crypt:1  | Noticed an ancient lich
 75443 | Crypt:1  | Acquired the Shining One's first power
 75856 | Crypt:1  | Killed an ancient lich
 76661 | Crypt:1  | Acquired the Shining One's second power
 77639 | Crypt:3  | Acquired the Shining One's third power
 78162 | Crypt:3  | Found a staircase to the Tomb.
 78352 | Crypt:3  | Found a magical portal.
 78357 | WizLab   | Entered a wizard's laboratory
 78375 | WizLab   | Acquired the Shining One's fourth power
 79970 | Crypt:4  | Reached skill level 10 in Invocations
 80264 | Crypt:5  | Entered Level 5 of the Crypt
 80343 | Crypt:5  | Noticed Mennas
 80557 | Crypt:5  | Reached XP level 26. HP: 193/260 MP: 32/32
 81459 | Crypt:5  | Found an ancient bone altar of Kikubaaqudgha.
 81460 | Crypt:5  | Noticed an ancient lich
 81478 | Crypt:5  | Killed an ancient lich
 81490 | Crypt:5  | Noticed an ancient lich
 81509 | Crypt:5  | Killed an ancient lich
 81540 | Crypt:5  | Noticed an ancient lich
 81553 | Crypt:5  | Killed an ancient lich
 81715 | Crypt:5  | Noticed an ancient lich
 81738 | Crypt:5  | Killed an ancient lich
 82386 | Lair:1   | Identified a +7,+7 dwarven broad axe of holy wrath (a cursed +7,+7 dwarven broad axe of flaming blessed by the Shining One)
 82585 | Elf:3    | Entered Level 3 of the Elven Halls
 82611 | Elf:3    | Found Jel Pnuh's Food Emporium.
 82818 | Elf:3    | Cast into the Abyss (deep elf sorcerer)
 83263 | Elf:3    | Escaped the Abyss
 83278 | Elf:3    | Reached skill level 15 in Invocations
 83290 | Elf:3    | Gained mutation: Your vision is a little blurry. [a neqoxec]
 83820 | Elf:3    | Identified Frederick's Reference Book on Attacks
 84395 | Hell     | Entered the Vestibule of Hell
 84395 | Hell     | Noticed Geryon
 84423 | Hell     | Killed Geryon
 84494 | Hell     | Found a gateway to the Iron City of Dis.
 84651 | Hell     | Found a gateway to the freezing wastes of Cocytus.
 84787 | Hell     | Found a gateway to the decaying netherworld of Tartarus.
 84880 | Hell     | Found a gateway to the ashen valley of Gehenna.
 84983 | Dis:1    | Entered Level 1 of the Iron City of Dis
 85176 | Pan      | Entered Pandemonium
 85380 | Pan      | Lost intelligence.
 85385 | Pan      | Reached XP level 27. HP: 269/269 MP: 38/38
 85987 | Pan      | Noticed Mnuhean the pandemonium lord
 85998 | Pan      | Killed Mnuhean the pandemonium lord
 86630 | Pan      | Found a gateway to a ziggurat.
 86727 | Pan      | Found an exit through the horrors of the Abyss.
 86800 | Pan      | Noticed Afeaklyu the pandemonium lord
 86814 | Pan      | Killed Afeaklyu the pandemonium lord
 86877 | Pan      | Noticed Czerbonog's ghost (legendary GrFi)
 86911 | Pan      | Killed Czerbonog's ghost
 88067 | Pan      | Noticed Felas the pandemonium lord
 88073 | Pan      | Killed Felas the pandemonium lord
 88109 | Pan      | Identified the Catalogue of Execration
 88136 | Pan      | Noticed Pludiu the pandemonium lord
 88145 | Pan      | Killed Pludiu the pandemonium lord
 88724 | Pan      | Found a gateway to a ziggurat.
 90024 | Pan      | Noticed Fyuxuutu the pandemonium lord
 90046 | Pan      | Killed Fyuxuutu the pandemonium lord
 90277 | Pan      | Got a pitted shield
 90291 | Pan      | Identified the +2 shield of the Guilds {+Fly rC+ Curse} (You acquired it in Pandemonium)
 90487 | Pan      | Noticed Geomerr the pandemonium lord
 90507 | Pan      | Killed Geomerr the pandemonium lord
 91598 | Pan      | Noticed Jomu the pandemonium lord
 91649 | Pan      | Killed Jomu the pandemonium lord
 92266 | Pan      | Found a gateway to a ziggurat.
 92434 | Pan      | Gained mutation: You can spit poison. [potion of beneficial mutation]
 92699 | Pan      | Noticed Kiatomuodghu the pandemonium lord
 92712 | Pan      | Killed Kiatomuodghu the pandemonium lord
 92919 | Pan      | Noticed Tejitem the pandemonium lord
 92929 | Pan      | Killed Tejitem the pandemonium lord
 93405 | Pan      | Lost intelligence.
 93490 | Pan      | Found an exit through the horrors of the Abyss.
 93772 | Pan      | Noticed Hoho the pandemonium lord
 93787 | Pan      | Killed Hoho the pandemonium lord
 94071 | Pan      | Entered the realm of Cerebov.
 94360 | Pan      | Noticed Cerebov
 94384 | Pan      | Identified the +6,+6 Sword of Cerebov {flame}
 94384 | Pan      | Demolished by Cerebov

Action                   |  1- 3 |  4- 6 |  7- 9 | 10-12 | 13-15 | 16-18 | 19-21 | 22-24 | 25-27 || total
-------------------------+-------+-------+-------+-------+-------+-------+-------+-------+-------++-------
Melee: Hand axe          |    92 |   260 |    63 |       |       |       |       |       |       ||   415
       War axe           |       |     1 |   388 |  1055 |  1025 |       |       |       |       ||  2469
       Broad axe         |       |       |       |       |   760 |  1325 |  1720 |  1563 |  3037 ||  8405
       Unarmed           |       |       |       |       |       |       |       |     1 |       ||     1
Invok: Heroism           |       |       |     5 |    11 |    11 |     9 |     7 |     7 |       ||    50
       Finesse           |       |       |       |     1 |     3 |     4 |     4 |     1 |       ||    13
       Cleansing Flame   |       |       |       |       |       |       |       |       |    38 ||    38
       Summon Divine War |       |       |       |       |       |       |       |       |     2 ||     2
       Divine Shield     |       |       |       |       |       |       |       |       |     1 ||     1
Evoke: Wand              |       |       |     6 |    13 |     8 |     3 |     2 |     2 |     3 ||    37
       Miscellaneous     |       |       |       |       |       |       |       |       |     1 ||     1
  Use: Potion            |     1 |     2 |     3 |     2 |     2 |     2 |     8 |     5 |     5 ||    30
       Scroll            |       |       |    11 |    30 |     7 |    17 |    13 |    24 |    37 ||   139
 Stab: Confused          |       |       |       |       |       |     1 |       |       |       ||     1
       Fleeing           |       |       |       |       |       |     1 |       |     1 |       ||     2
       Distracted        |       |       |       |       |       |       |       |     1 |     1 ||     2
